TOP OF THE 1ST |
---|
Texas Christian Horned Frogs batting - Pitching for Oklahoma Sooners : RHP Jason Johnson | Pitching: RHP Jason Johnson | | Batting: RHB Eric Adams | 0-0: Called Strike 0-1: Ground out 6-3 (Groundball, 6) | Batting: SHB Pete Fields | 0-0: Called Strike 0-1: Fly out, F8 (Flyball, 8LM) | Batting: RHB Eric Schroeder | 0-0: Foul Ball, location: 2F 0-1: Ball 1-1: Ball 2-1: Ball 3-1: Called Strike 3-2: SOLO HOME RUN (Flyball, 9D), Distance : 348 ft | Batting: LHB Perry Hayward | 0-0: Ball 1-0: SINGLE (Groundball, 6S) (infield hit) | Batting: LHB Nicholas Morgan | 0-0: Ball Perry Hayward is caught stealing 2nd base | Top of the 1st over - 1 run, 2 hits, 0 errors, 0 left on base; Texas Christian 1 - Oklahoma 0 | BOTTOM OF THE 1ST |
---|
Oklahoma Sooners batting - Pitching for Texas Christian Horned Frogs : RHP Daniel Mitchell | Pitching: RHP Daniel Mitchell | | Batting: RHB Matt Snow | 0-0: SINGLE (Groundball, 3S) (infield hit) | Batting: RHB Joe Daybell | 0-0: Ball 1-0: Called Strike Matt Snow steals 2nd base 1-1: Ball 2-1: Ball 3-1: Foul Ball, location: 2F 3-2: Foul Ball, location: 2F 3-2: Base on Balls | Batting: LHB Mark Watson | 0-0: Ball 1-0: Ball 2-0: Grounds into double play, 4-6-3 (Groundball, 4) Matt Snow to third | Batting: RHB Bryant Caldwell | 0-0: Fly out, F9 (Flyball, 9LSF) | Bottom of the 1st over - 0 runs, 1 hit, 0 errors, 1 left on base; Texas Christian 1 - Oklahoma 0 | TOP OF THE 2ND |
---|
Texas Christian Horned Frogs batting - Pitching for Oklahoma Sooners : RHP Jason Johnson | Batting: LHB Nicholas Morgan | 0-0: Ground out 4-3 (Groundball, 4) | Batting: RHB Danny Wilson | 0-0: Called Strike 0-1: Ball 1-1: Foul Ball, location: 2F 1-2: Ground out 6-3 (Groundball, 6) | Batting: RHB José Sandoval | 0-0: Ball 1-0: Ball 2-0: Called Strike 2-1: Ball 3-1: Base on Balls | Batting: RHB Parker Gonzáles | 0-0: DOUBLE (Flyball, 8RD) José Sandoval to third Runner from 3rd tries for Home, SAFE, no throw | Batting: RHB Arthur Salyers | 0-0: Called Strike 0-1: Swinging Strike 0-2: Foul Ball, location: 2F 0-2: SINGLE (Flyball, 7S) Parker Gonzáles to third | Batting: RHB Eric Adams | 0-0: Ball 1-0: Swinging Strike 1-1: Foul Ball, location: 2F 1-2: Reached on error, E6 (Groundball, 6) Parker Gonzáles scores Arthur Salyers to second | Batting: SHB Pete Fields | 0-0: Called Strike 0-1: Foul Ball, location: 2F 0-2: Foul Ball, location: 2F 0-2: Ball 1-2: Fly out, F8 (Flyball, 89D) | Top of the 2nd over - 2 runs, 2 hits, 1 error, 2 left on base; Texas Christian 3 - Oklahoma 0 | BOTTOM OF THE 2ND |
---|
Oklahoma Sooners batting - Pitching for Texas Christian Horned Frogs : RHP Daniel Mitchell | Batting: LHB Mark Smith | 0-0: Called Strike 0-1: Ball 1-1: Ball 2-1: Ground out 4-3 (Groundball, 4) | Batting: RHB Sidney Boyd | 0-0: Called Strike 0-1: Swinging Strike 0-2: Foul Ball, location: 2F 0-2: Ball 1-2: Ball 2-2: Ball 3-2: Foul Ball, location: 2F 3-2: Foul Ball, location: 2F 3-2: Foul Ball, location: 2F 3-2: Foul Ball, location: 2F 3-2: Strikes out swinging | Batting: LHB Pancho Sardiña | 0-0: Called Strike 0-1: Fly out, F9 (Flyball, 9S) | Bottom of the 2nd over - 0 runs, 0 hits, 0 errors, 0 left on base; Texas Christian 3 - Oklahoma 0 | TOP OF THE 3RD |
---|
Texas Christian Horned Frogs batting - Pitching for Oklahoma Sooners : RHP Jason Johnson | Batting: RHB Eric Schroeder | 0-0: Called Strike 0-1: Ground out 4-3 (Groundball, 4) | Batting: LHB Perry Hayward | 0-0: Ball 1-0: Called Strike 1-1: Ball 2-1: Ball 3-1: Foul Ball, location: 2F 3-2: Foul Ball, location: 2F 3-2: Base on Balls | Batting: LHB Nicholas Morgan | 0-0: Ball 1-0: Ball 2-0: Called Strike 2-1: Ball 3-1: Base on Balls Perry Hayward to second | Batting: RHB Danny Wilson | 0-0: Foul Ball, location: 2F 0-1: Ground out 6-3 (Groundball, 6MS) Perry Hayward to third Nicholas Morgan to second | Batting: RHB José Sandoval | 0-0: Ball 1-0: Ball 2-0: Ball 3-0: Base on Balls | Batting: RHB Parker Gonzáles | 0-0: Swinging Strike 0-1: Called Strike 0-2: Ball 1-2: Strikes out looking | Top of the 3rd over - 0 runs, 0 hits, 0 errors, 3 left on base; Texas Christian 3 - Oklahoma 0 | BOTTOM OF THE 3RD |
---|
Oklahoma Sooners batting - Pitching for Texas Christian Horned Frogs : RHP Daniel Mitchell | Batting: RHB Joe Hughes | 0-0: Fly out, F5 (Line Drive, 5) | Batting: RHB Irving MacIntyre | 0-0: SINGLE (Groundball, 6MD) | Batting: RHB Matt Snow | 0-0: Called Strike 0-1: Called Strike 0-2: Fly out, F7 (Line Drive, 7D) | Batting: RHB Joe Daybell | 0-0: Ball 1-0: Called Strike 1-1: Ball 2-1: Called Strike 2-2: Foul Ball, location: 2F 2-2: Ball 3-2: Base on Balls Irving MacIntyre to second | Batting: LHB Mark Watson | 0-0: Ground out 4-3 (Groundball, 4) | Bottom of the 3rd over - 0 runs, 1 hit, 0 errors, 2 left on base; Texas Christian 3 - Oklahoma 0 | TOP OF THE 4TH |
---|
Texas Christian Horned Frogs batting - Pitching for Oklahoma Sooners : RHP Jason Johnson | Batting: RHB Arthur Salyers | 0-0: Fly out, F9 (Line Drive, 9) | Batting: RHB Eric Adams | 0-0: Swinging Strike 0-1: Ball 1-1: Foul Ball, location: 2F 1-2: Foul Ball, location: 2F 1-2: Ball 2-2: Foul Ball, location: 2F 2-2: Strikes out swinging | Batting: SHB Pete Fields | 0-0: Called Strike 0-1: Ball 1-1: Ball 2-1: Ball 3-1: Base on Balls | Batting: RHB Eric Schroeder | 0-0: Fielders Choice at 2nd, 5-4 (Groundball, 5) | Top of the 4th over - 0 runs, 0 hits, 0 errors, 1 left on base; Texas Christian 3 - Oklahoma 0 | BOTTOM OF THE 4TH |
---|
Oklahoma Sooners batting - Pitching for Texas Christian Horned Frogs : RHP Daniel Mitchell | Batting: RHB Bryant Caldwell | 0-0: Ball 1-0: Ground out 4-3 (Groundball, 4M) | Batting: LHB Mark Smith | 0-0: Ball 1-0: Ball 2-0: Called Strike 2-1: Foul Ball, location: 2F 2-2: Fly out, F6 (Line Drive, 6M) | Batting: RHB Sidney Boyd | 0-0: Called Strike 0-1: Ball 1-1: Called Strike 1-2: Strikes out swinging | Bottom of the 4th over - 0 runs, 0 hits, 0 errors, 0 left on base; Texas Christian 3 - Oklahoma 0 | TOP OF THE 5TH |
---|
Texas Christian Horned Frogs batting - Pitching for Oklahoma Sooners : RHP Jason Johnson | Batting: LHB Perry Hayward | 0-0: Foul Ball, location: 2F 0-1: Called Strike 0-2: Ball 1-2: Foul Ball, location: 2F 1-2: Foul Ball, location: 2F 1-2: Strikes out swinging | Pitching: RHP Scott Mansel | | Batting: LHB Nicholas Morgan | 0-0: Called Strike 0-1: Ball 1-1: Called Strike 1-2: Foul Ball, location: 2F 1-2: Foul Ball, location: 2F 1-2: Ball 2-2: SINGLE (Groundball, 4MD) | Batting: RHB Danny Wilson | 0-0: Ball 1-0: Ball 2-0: Ball 3-0: Called Strike 3-1: Base on Balls Nicholas Morgan to second | Batting: RHB José Sandoval | 0-0: Swinging Strike 0-1: Foul Ball, location: 2F 0-2: Ball 1-2: Foul Ball, location: 2F 1-2: Foul Ball, location: 2F 1-2: Strikes out swinging | Batting: RHB Parker Gonzáles | 0-0: Ball 1-0: Ball 2-0: Called Strike 2-1: Foul Ball, location: 2F 2-2: SINGLE (Groundball, 6MD) Nicholas Morgan to third Danny Wilson to second Runner from 3rd tries for Home, SAFE, throw made home | Batting: RHB Arthur Salyers | 0-0: Foul Ball, location: 2F 0-1: Ball 1-1: Foul Ball, location: 2F 1-2: Strikes out swinging | Top of the 5th over - 1 run, 2 hits, 0 errors, 2 left on base; Texas Christian 4 - Oklahoma 0 | BOTTOM OF THE 5TH |
---|
Oklahoma Sooners batting - Pitching for Texas Christian Horned Frogs : RHP Daniel Mitchell | Batting: LHB Pancho Sardiña | 0-0: Fly out, F5 (Popup, 5SF) | Batting: RHB Joe Hughes | 0-0: Called Strike 0-1: Swinging Strike 0-2: Foul Ball, location: 2F 0-2: Ball 1-2: SOLO HOME RUN (Flyball, 8LXD), Distance : 408 ft | Batting: RHB Irving MacIntyre | 0-0: Called Strike 0-1: Fly out, F8 (Flyball, 89D) | Batting: RHB Matt Snow | 0-0: Foul Ball, location: 2F 0-1: Ball 1-1: Ball 2-1: Swinging Strike 2-2: Strikes out swinging | Bottom of the 5th over - 1 run, 1 hit, 0 errors, 0 left on base; Texas Christian 4 - Oklahoma 1 | TOP OF THE 6TH |
---|
Texas Christian Horned Frogs batting - Pitching for Oklahoma Sooners : RHP Scott Mansel | Batting: RHB Eric Adams | 0-0: Ball 1-0: Ground out 5-3 (Groundball, 56) | Batting: SHB Pete Fields | 0-0: Ball 1-0: Swinging Strike 1-1: Ball 2-1: Called Strike 2-2: Strikes out swinging | Batting: RHB Eric Schroeder | 0-0: Called Strike 0-1: Fly out, F3 (Popup, 3SF) | Top of the 6th over - 0 runs, 0 hits, 0 errors, 0 left on base; Texas Christian 4 - Oklahoma 1 | BOTTOM OF THE 6TH |
---|
Oklahoma Sooners batting - Pitching for Texas Christian Horned Frogs : RHP Daniel Mitchell | Batting: RHB Joe Daybell | 0-0: Ball 1-0: Ball 2-0: Ball 3-0: Called Strike 3-1: Fly out, F6 (Line Drive, 6) | Batting: LHB Mark Watson | 0-0: Ball 1-0: Foul Ball, location: 2F 1-1: SINGLE (Flyball, 89S) | Batting: RHB Bryant Caldwell | 0-0: Swinging Strike 0-1: Ball 1-1: Foul Ball, location: 2F 1-2: Hit by Pitch Mark Watson to second | Batting: LHB Mark Smith | 0-0: Ball 1-0: Fly out, F7 (Flyball, 7D) Runner from 2nd tags up, SAFE at 3rd, no throw | Pitching: RHP Joe Martin | | Batting: RHB Sidney Boyd | 0-0: Ball 1-0: Fly out, F8 (Flyball, 8LS) | Bottom of the 6th over - 0 runs, 1 hit, 0 errors, 2 left on base; Texas Christian 4 - Oklahoma 1 | TOP OF THE 7TH |
---|
Texas Christian Horned Frogs batting - Pitching for Oklahoma Sooners : RHP Scott Mansel | Batting: LHB Perry Hayward | 0-0: Ball 1-0: Ball 2-0: Foul Ball, location: 2F 2-1: Foul Ball, location: 2F 2-2: Strikes out looking | Batting: LHB Nicholas Morgan | 0-0: Ball 1-0: Foul Ball, location: 2F 1-1: SINGLE (Line Drive, 34D) | Batting: RHB Danny Wilson | 0-0: Called Strike 0-1: Called Strike 0-2: Fly out, F8 (Flyball, 8RM) | Batting: RHB José Sandoval | 0-0: Called Strike 0-1: Swinging Strike 0-2: Ball 1-2: Ball 2-2: Foul Ball, location: 2F 2-2: Ball 3-2: Base on Balls Nicholas Morgan to second | Batting: RHB Parker Gonzáles | 0-0: Swinging Strike 0-1: Foul Ball, location: 2F 0-2: Strikes out swinging | Top of the 7th over - 0 runs, 1 hit, 0 errors, 2 left on base; Texas Christian 4 - Oklahoma 1 | BOTTOM OF THE 7TH |
---|
Oklahoma Sooners batting - Pitching for Texas Christian Horned Frogs : RHP Joe Martin | Batting: LHB Pancho Sardiña | 0-0: Called Strike 0-1: Called Strike 0-2: SINGLE (Line Drive, 6) | Batting: RHB Joe Hughes | 0-0: Called Strike 0-1: Ball 1-1: Called Strike 1-2: Ball 2-2: Ground out 3-1 (Groundball, 34S) Pancho Sardiña to second | Batting: RHB Irving MacIntyre | 0-0: Ball 1-0: Ball 2-0: Ground out 4-3 (Groundball, 4) Pancho Sardiña to third | Batting: RHB Matt Snow | 0-0: Ground out 6-3 (Groundball, 6D) | Bottom of the 7th over - 0 runs, 1 hit, 0 errors, 1 left on base; Texas Christian 4 - Oklahoma 1 | TOP OF THE 8TH |
---|
Texas Christian Horned Frogs batting - Pitching for Oklahoma Sooners : RHP Scott Mansel | Batting: RHB Arthur Salyers | 0-0: SINGLE (Groundball, 6MD) | Pitching: RHP Edgardo Rodríguez | | Batting: RHB Eric Adams | 0-0: Ball 1-0: Called Strike 1-1: Called Strike 1-2: Strikes out swinging | Batting: SHB Pete Fields | 0-0: Ball Arthur Salyers is caught stealing 2nd base 1-0: Foul Ball, location: 2F 1-1: Ground out 6-3 (Groundball, 6) | Top of the 8th over - 0 runs, 1 hit, 0 errors, 0 left on base; Texas Christian 4 - Oklahoma 1 | BOTTOM OF THE 8TH |
---|
Oklahoma Sooners batting - Pitching for Texas Christian Horned Frogs : RHP Joe Martin | Batting: RHB Joe Daybell | 0-0: Called Strike 0-1: Ball 1-1: Ball 2-1: Ground out 6-3 (Groundball, 6) | Batting: LHB Mark Watson | 0-0: Fly out, F7 (Flyball, 7) | Batting: RHB Bryant Caldwell | 0-0: Ball 1-0: Foul Ball, location: 2F 1-1: Foul Ball, location: 2F 1-2: Ball 2-2: Ball 3-2: Fly out, F7 (Flyball, 7LD) | Bottom of the 8th over - 0 runs, 0 hits, 0 errors, 0 left on base; Texas Christian 4 - Oklahoma 1 | TOP OF THE 9TH |
---|
Texas Christian Horned Frogs batting - Pitching for Oklahoma Sooners : RHP Edgardo Rodríguez | Batting: RHB Eric Schroeder | 0-0: Called Strike 0-1: Foul Ball, location: 2F 0-2: Ball 1-2: SINGLE (Line Drive, 6) | Batting: LHB Perry Hayward | 0-0: Ball 1-0: Ball 2-0: Ball 3-0: Called Strike 3-1: Swinging Strike 3-2: Base on Balls Eric Schroeder to second | Batting: LHB Nicholas Morgan | 0-0: Ball 1-0: Fly out, F9 (Flyball, 9LM) | Batting: RHB Danny Wilson | 0-0: Fly out, F8 (Flyball, 8LM) | Batting: RHB José Sandoval | 0-0: Ball 1-0: Called Strike 1-1: Swinging Strike 1-2: Ball 2-2: Ball 3-2: Foul Ball, location: 2F 3-2: Base on Balls Eric Schroeder to third Perry Hayward to second | Batting: RHB Parker Gonzáles | 0-0: Called Strike 0-1: SINGLE (Line Drive, 3) Eric Schroeder scores Perry Hayward to third José Sandoval to second Runner from 3rd tries for Home, SAFE, throw made home | Batting: RHB Arthur Salyers | 0-0: Ball 1-0: Ball 2-0: Ball 3-0: Base on Balls José Sandoval to third Parker Gonzáles to second | Batting: RHB Eric Adams | 0-0: Foul Ball, location: 2F 0-1: Foul Ball, location: 2F 0-2: Fielders Choice at 2nd, 6-4 (Groundball, 6) | Top of the 9th over - 2 runs, 2 hits, 0 errors, 3 left on base; Texas Christian 6 - Oklahoma 1 | BOTTOM OF THE 9TH |
---|
Oklahoma Sooners batting - Pitching for Texas Christian Horned Frogs : RHP Joe Martin | Now at 1B: Peter Smith | | Batting: LHB Mark Smith | 0-0: Ball 1-0: DOUBLE (Line Drive, 8LD) | Batting: RHB Sidney Boyd | 0-0: Called Strike 0-1: SINGLE (Line Drive, 4) Mark Smith to third | Batting: LHB Pancho Sardiña | 0-0: Ball 1-0: Called Strike 1-1: Swinging Strike 1-2: Ball 2-2: Ball 3-2: Foul Ball, location: 2F 3-2: Fielders Choice at 2nd, 4-6 (Groundball, 4) Mark Smith scores | Batting: RHB Joe Hughes | 0-0: Called Strike 0-1: Fly out, F8 (Flyball, 8LD) | Batting: RHB Irving MacIntyre | 0-0: Called Strike 0-1: Ball 1-1: Foul Ball, location: 2F 1-2: Ball 2-2: Ball 3-2: Reached on error, E6 (Groundball, 6) Pancho Sardiña to second | Pitching: RHP Adrián Alvarado | | Batting: RHB Matt Snow | 0-0: Fly out, F4 (Popup, 4D) | Bottom of the 9th over - 1 run, 2 hits, 1 error, 2 left on base; Texas Christian 6 - Oklahoma 2 | |